 Seeded DCSS version 0.29.1-2-gbd0b4ee654 (webtiles) character file.

Game seed: 1738030888014195264 (custom seed)

509 kingsuperguy the Slasher (level 6, -13/84 HPs)
             Began as a Minotaur Berserker on Nov 30, 2022.
             Was a Priest of Trog.
             Mangled by Pikel
             ... wielding a +2 whip of electrocution
              (18 damage)
             ... on level 5 of the Dungeon.
             The game lasted 00:06:23 (5348 turns).

kingsuperguy the Slasher (Minotaur Berserker)       Turns: 5348, Time: 00:06:24

Health: -13/84     AC: 12    Str: 24    XL:     6   Next: 98%
Magic:  0/5        EV:  9    Int: 10    God:    Trog [***...]
Gold:   265        SH:  0    Dex:  9    Spells: 5/5 levels left

rFire   . . .      SeeInvis .   a - +0 falchion
rCold   . . .      Faith    .   (no shield)
rNeg    . . .      Spirit   +   l - +0 chain mail
rPois   .          Reflect  .   (helmet restricted)
rElec   .          Harm     .   s - +0 cloak
rCorr   .          Rampage  .   (no gloves)
Will    .....                   o - +0 pair of boots
Stlth   ..........              t - amulet of guardian spirit
HPRegen 0.24/turn               v - +6 ring of intelligence
MPRegen 0.09/turn               (no ring)

@: berserking (expiring), very quick
A: horns 2, retaliatory headbutt
a: Renounce Religion, Berserk, Trog's Hand


You were on level 5 of the Dungeon.
You worshipped Trog.
Trog was most pleased with you.
You visited 1 branch of the dungeon, and saw 5 of its levels.

You collected 265 gold pieces.

Inventory:

Hand Weapons
 a - a +0 falchion (weapon)
 m - a +2 vampiric hand axe
Armour
 b - a +0 animal skin
 l - a +0 chain mail (worn)
 o - a +0 pair of boots (worn)
 s - a +0 cloak (worn)
Jewellery
 t - an amulet of guardian spirit (around neck)
 v - a +6 ring of intelligence (left hand)
Wands
 f - a wand of acid (6)
Scrolls
 g - 2 scrolls of blinking
 n - a scroll of fear
 p - 3 scrolls of teleportation
 r - a scroll of vulnerability
 x - a scroll of immolation {unknown}
Potions
 c - 2 potions of brilliance {unknown}
 d - 2 potions of curing {unknown}
 e - 2 potions of magic {unknown}
 h - a potion of degeneration {unknown}
 i - 3 potions of heal wounds
 j - 2 potions of lignification
 k - a potion of might {unknown}
 q - a potion of cancellation {unknown}
 u - a potion of experience {unknown}
 w - a potion of invisibility {unknown}


   Skills:
 + Level 5.3 Fighting
 + Level 6.6 Long Blades
 + Level 5.5 Armour
 + Level 2.9 Dodging
 + Level 0.3 Stealth


You had 5 spell levels left.
You didn't know any spells.
Your spell library was empty.

Dungeon Overview and Level Annotations

Branches:
Dungeon (5/15)
 Temple: D:4-7

Altars:
Sif Muna

Shops:
D:1 (   D:3 =   D:4 *

Annotations:
D:5 Pikel


Innate Abilities, Weirdness & Mutations

You have a pair of horns on your head.
You reflexively headbutt those who attack you in melee.


Message History

The lemure hits you.
The lemure shouts!
You slash Pikel! You headbutt Pikel!
Pikel is heavily wounded.
Pikel barely misses you. The lemure hits you but does no damage.
You hit Pikel.
Pikel is heavily wounded.
The lemure hits you but does no damage. Pikel misses you.
You slash Pikel! You headbutt Pikel, but do no damage.
Pikel is severely wounded.
The lemure misses you. You furiously retaliate!
You headbutt the lemure! The lemure hits you but does no damage.
Pikel hits you but does no damage.
You closely miss Pikel.
Pikel is severely wounded.
You barely miss Pikel.
Pikel is severely wounded.
The lemure barely misses you. You furiously retaliate!
You headbutt the lemure!
An orc comes into view.
It is wielding a +0 trident and wearing a +0 ring mail of willpower.
Pikel hits you with a +2 whip of electrocution.
You are electrocuted!!
The lemure hits you but does no damage. The lemure completely misses you.
You closely miss Pikel.
Pikel is severely wounded.
Pikel hits you but does no damage.
You are electrocuted!!
* * * LOW HITPOINT WARNING * * *
The lemure barely misses you. The lemure completely misses you.
The lemure hits you but does no damage.
You completely miss Pikel.
Pikel is severely wounded.
You barely miss Pikel. You headbutt Pikel, but do no damage.
Pikel is severely wounded.
Pikel closely misses you. The lemure hits you but does no damage.
The lemure hits you.
* * * LOW HITPOINT WARNING * * *
The lemure closely misses you. The lemure hits you but does no damage.
Pikel hits you with a +2 whip of electrocution.
* * * LOW HITPOINT WARNING * * *
You are electrocuted!!
You die...

..............####.#
.....#.........#.... ..
...............#...# ...
.(.............#...##....
.......))).....#.........
........)......#.........
..o....[...[..#)........
####..5[.......)..##....
#.55@.....###...# ...
#..5K........#.......
#............#.#....
##...........#.#....
#.............#....
###...........### ..
........####.....
........####.....#
.................#


You could see Pikel, 4 lemures and an orc.

Vanquished Creatures
  A howler monkey (D:5)
  Crazy Yiuf (D:2)
  3 orc priests (D:5)
  An orc wizard (D:5)
  Natasha (thrice) (D:3)
  Terence (D:2)
  7 gnolls
  5 adders
  5 worms
  4 dart slugs
  13 orcs (D:5)
  8 bats
  6 endoplasms
  2 giant cockroaches (D:1)
  7 hobgoblins
  7 kobolds
  A quokka (D:3)
  5 ball pythons
  4 frilled lizards
  11 goblins
  5 rats
100 creatures vanquished.

Notes
Turn   | Place    | Note
-------+----------+-------------------------------------------
     0 | D:1      | kingsuperguy the Minotaur Berserker began the quest for the
                  | Orb.
     0 | D:1      | Reached XP level 1. HP: 19/19 MP: 0/0
   253 | D:1      | Found a faded altar of an unknown god.
   278 | D:1      | Reached XP level 2. HP: 22/27 MP: 1/1
   336 | D:1      | Reached skill level 4 in Long Blades
   575 | D:1      | Found Ismoeso's Weapon Emporium.
   896 | D:2      | Reached XP level 3. HP: 34/34 MP: 2/2
  1139 | D:2      | Reached XP level 4. HP: 11/41 MP: 3/3
  1611 | D:2      | Found a runed translucent door.
  1612 | D:2      | Noticed Crazy Yiuf
  1771 | D:2      | Reached ** piety under Trog
  2404 | D:2      | Noticed Terence
  2415 | D:2      | Killed Terence
  2892 | D:2      | Killed Crazy Yiuf
  2893 | D:2      | Reached skill level 5 in Long Blades
  2893 | D:2      | Reached XP level 5. HP: 25/47 MP: 1/4
  3640 | D:3      | Noticed Natasha
  3645 | D:3      | Killed Natasha
  3651 | D:3      | Found Ihunad's Jewellery Shop.
  3872 | D:3      | Noticed Natasha
  3877 | D:3      | Killed Natasha
  3887 | D:3      | Noticed Natasha
  3905 | D:3      | Killed Natasha
  4079 | D:4      | Found a shimmering blue altar of Sif Muna.
  4187 | D:4      | Identified the +1 leather armour "Languuv" {rF- rN+ Stlth+}
  4229 | D:4      | Reached skill level 5 in Fighting
  4229 | D:4      | Reached XP level 6. HP: 38/56 MP: 3/5
  4232 | D:4      | Reached *** piety under Trog
  4374 | D:4      | Found Bifryr's General Store.
  4555 | D:5      | Entered Level 5 of the Dungeon
  4581 | D:5      | Reached skill level 5 in Armour
  4582 | D:5      | Reached skill level 6 in Long Blades
  5225 | D:5      | Noticed Pikel
  5348 | D:5      | Mangled by Pikel

Illustrated notes

Levels and vault maps discovered:
D:1:      evilmike_arrival_crescent, layout_rooms,
          hellmonk_ecumenical_altar_zigzags, serial_shops, nicolae_shop_trees,
          grunt_decor_resistance
D:2:      layout_basic, uniq_terence, uniq_crazy_yiuf_cottage
D:3:      cheibrodos_greedy_goblins, layout_loops_ring, serial_shops,
          nicolae_shop_trees, uniq_natasha
D:4:      layout_rooms, led_sif_book, serial_shops, nicolae_take_the_stairs
D:5:      layout_basic, lemuel_zombie_altar_kikubaaqudgha, uniq_pikel

Skill      XL: |  1  2  3  4  5  6 |
---------------+-------------------+-----
Fighting       | 4 5 |  5.3
Long Blades    | 4 5 6 |  6.6
Armour         | 3 4 5 |  5.5
Dodging        | |  2.9
Stealth        | |  0.3

Action                   |  1- 3 |  4- 6 || total
-------------------------+-------+-------++-------
Melee: Falchion          |    67 |   224 ||   291
       Headbutt          |     8 |    34 ||    42
       Punch             |       |     2 ||     2
Invok: Berserk           |     1 |     5 ||     6
  Use: Scroll            |       |     6 ||     6
Armor: Animal skin       |    14 |       ||    14
       Chain mail        |    12 |   134 ||   146
Dodge: Dodged            |    38 |   108 ||   146
